 Dungeon Crawl Stone Soup version 0.27.0-1-g7a089689b8 (webtiles) character file.

Game seed: 240544182760832246

101 inmateoo the Slasher (level 4, -1/27 HPs)
             Began as a Tengu Warper on Aug 5, 2021.
             Killed from afar by Natasha (8 damage)
             ... with a magic dart
             ... on level 2 of the Dungeon.
             The game lasted 00:01:22 (2158 turns).

inmateoo the Slasher (Tengu Warper)                 Turns: 2158, Time: 00:01:22

Health: -1/27      AC:  3    Str: 13    XL:     4   Next: 75%
Magic:  8/8        EV: 12    Int: 13    God:
Gold:   31         SH:  0    Dex: 13    Spells: 5/7 levels left

rFire    . . .     SeeInvis .   a - +0 falchion
rCold    . . .     Faith    .   (no shield)
rNeg     + . .     Spirit   .   b - +0 leather armour
rPois    .         Reflect  .   (helmet restricted)
rElec    .         Harm     .   (no cloak)
rCorr    .         Rampage  .   (no gloves)
Will     .....                  (boots unavailable)
Stlth    +.........             (no amulet)
HPRegen  0.09/turn              e - ring of positive energy
MPRegen  0.11/turn              (no ring)

@: no status effects
A: beak, talons 3
a: no special abilities


You were on level 2 of the Dungeon.
You visited 1 branch of the dungeon, and saw 2 of its levels.

You collected 31 gold pieces.

Inventory:

Hand Weapons
 a - a +0 falchion (weapon)
Missiles
 d - 5 boomerangs of dispersal (quivered)
Armour
 b - a +0 leather armour (worn)
Jewellery
 e - a ring of positive energy (left hand)
Scrolls
 c - a scroll of blinking
 g - a scroll of identify {unknown}
Potions
 f - a potion of cancellation {unknown}
 h - a potion of invisibility {unknown}


   Skills:
 + Level 2.4 Fighting
 * Level 3.5 Long Blades
 - Level 1.0 Throwing
 + Level 2.0 Armour
 + Level 2.7 Dodging
 + Level 2.4 Spellcasting
 + Level 2.7 Translocations


You had 5 spell levels left.
You knew the following spells:

 Your Spells              Type           Power      Damage    Failure   Level
a - Blink                 Tloc           N/A        N/A       16%         2

Your spell library contained the following spells:

 Spells                   Type           Power      Damage    Failure   Level
 Summon Small Mammal      Summ           4%         N/A       30%         1
 Gell's Gravitas          Tloc           4%         N/A       30%         3
 Lesser Beckoning         Tloc           4%         N/A       30%         3
 Teleport Other           Tloc           8%         N/A       30%         3
 Call Canine Familiar     Summ           1%         N/A       67%         3
 Stone Arrow              Conj/Erth      2%         3d7       67%         3
 Summon Guardian Golem    Hex/Summ       1%         N/A       67%         3
 Manifold Assault         Tloc           8%         N/A       95%         5
 Animate Armour           Summ/Erth      2%         N/A       97%         4
 Lehudib's Crystal Spear  Conj/Erth      0%         10d2      100%        8


Dungeon Overview and Level Annotations

Branches:
Dungeon (2/15)

Altars:

Shops:
D:1 ?

Annotations:
D:2 1 runed translucent door, Crazy Yiuf, Natasha


Innate Abilities, Weirdness & Mutations

You have a beak for a mouth.
You have claws for feet.


Message History

You open the door.
Found a stone staircase leading up.
There is an open door here.
There is a stone staircase leading up here.
Natasha, Servant of Life and Death comes into view.
Natasha hisses angrily.
Natasha drinks a potion.
Natasha seems to speed up.
Natasha is nearby!
Natasha is nearby!
Natasha mumbles some strange words.
Natasha mewls in sadness.
Natasha claws you.
You barely miss Natasha. Your kick misses Natasha.
Natasha stares at you and mumbles some strange words.
The magic dart hits you. Natasha claws you.
You hit Natasha but do no damage. Natasha claws you.
You hit Natasha but do no damage. You peck Natasha.
Natasha is lightly wounded.
Natasha wildly gestures.
You feel troubled. Natasha casts a spell at you. The magic dart hits you!
Natasha mumbles some strange words.
You closely miss Natasha. You claw Natasha.
Natasha is heavily wounded.
Natasha claws you.
* * * LOW HITPOINT WARNING * * *
Natasha claws you but does no damage.
You are too injured to fight recklessly!
You barely miss Natasha. Your kick misses Natasha.
Natasha is heavily wounded.
Natasha claws you but does no damage.
Unknown command.
You aren't carrying any items that you can evoke.
Unknown command.
You hit Natasha. You claw Natasha. Your peck misses Natasha.
Natasha is almost dead.
Natasha casts a spell at you. The magic dart hits you!
You die...

#.......#
##.......#
#.#####.#
##..>..## #.#
##...## #.# ##'##
#.# #.# #####.#
####.# 55...#
##.##.#### #h####
#...<.....
#@########......##
#..........#...##
#############.##
###


You could see Natasha (fast) and 2 crimson imps.

Vanquished Creatures
  2 orc wizards (D:1)
  An adder (D:2)
  2 orcs
  7 ball pythons
  3 bats
  5 endoplasms (D:1)
  A giant cockroach (D:1)
  2 goblins (D:1)
  3 hobgoblins
  4 jackals (D:1)
  2 quokkas (D:1)
  2 frilled lizards (D:1)
  4 kobolds (D:1)
  3 rats
41 creatures vanquished.

Notes
Turn   | Place    | Note
-------+----------+-------------------------------------------
     0 | D:1      | inmateoo the Tengu Warper began the quest for the Orb.
     0 | D:1      | Reached XP level 1. HP: 12/12 MP: 4/4
   315 | D:1      | Reached XP level 2. HP: 17/17 MP: 6/6
   564 | D:1      | Reached XP level 3. HP: 13/21 MP: 7/7
   745 | D:1      | Reached skill level 3 in Long Blades
   888 | D:1      | Found a faded altar of an unknown god.
  1097 | D:1      | Found Pofan's Magic Scroll Shoppe.
  1354 | D:1      | HP: 1/21 [orc wizard/magic dart (4)]
  1651 | D:1      | Reached XP level 4. HP: 27/27 MP: 8/8
  1956 | D:2      | Found a runed translucent door.
  1957 | D:2      | Noticed Crazy Yiuf
  2130 | D:2      | Learned a level 2 spell: Blink
  2151 | D:2      | Noticed Natasha
  2158 | D:2      | Killed from afar by Natasha

Illustrated notes

Levels and vault maps discovered:
D:1:      evilmike_arrival_hilbert_curve, layout_loops_corners,
          hellmonk_ecumenical_altar_inner_sanctum, serial_shops, shop,
          serial_bayou_pond_d
D:2:      layout_loops_corners, uniq_crazy_yiuf_cottage, uniq_natasha

Skill      XL: |  1  2  3  4 |
---------------+-------------+-----
Long Blades    | 3 |  3.5
Armour         | 2 |  2.0
Fighting       | |  2.4
Throwing       | |  1.0
Dodging        | |  2.7
Spellcasting   | |  2.4
Translocations | |  2.7

Action                   |  1- 3 |  4- 6 || total
-------------------------+-------+-------++-------
Melee: Falchion          |    61 |    27 ||    88
       Kick              |    20 |     6 ||    26
       Peck              |    10 |     5 ||    15
Armor: Leather armour    |    15 |     9 ||    24
Dodge: Dodged            |    47 |    10 ||    57
       Rpst.: Falchion   |    16 |     3 ||    19
